 Dungeon Crawl Stone Soup version 0.29.1-1-gd02db6906a (console) character file.

Game seed: 5783254048551105265

230 shmup the Ruffian (level 5, -7/40 HPs)
             Began as a Draconian Transmuter on Sept 17, 2022.
             Mangled by a gnoll sergeant
             ... wielding a +0 spear
              (11 damage)
             ... on level 6 of the Dungeon.
             The game lasted 00:08:06 (2205 turns).

shmup the Ruffian (Draconian Transmuter)            Turns: 2205, Time: 00:08:07

Health: -7/40      AC: 10    Str: 12    XL:     5   Next: 72%
Magic:  7/8        EV: 12    Int: 16    God:
Gold:   126        SH:  0    Dex: 11    Spells: 5/8 levels left

rFire   . . .      SeeInvis .     - Unarmed
rCold   . . .      Faith    .   (no shield)
rNeg    . . .      Spirit   .   (body armour unavailable)
rPois   .          Reflect  .   (helmet currently unavailable)
rElec   .          Harm     .   (no cloak)
rCorr   .          Rampage  .   b - +0 pair of gloves
Will    +....                   (boots currently unavailable)
Stlth   +.........              (no amulet)
HPRegen 0.13/turn               h - +4 ring of protection
MPRegen 0.11/turn               j - ring of willpower

@: appendages
A: horns 2, talons 2, AC +5, unfitting armour, cold-blooded
a: End Transformation


You were on level 6 of the Dungeon.
You had temporarily grown beastly horns and talons.
You visited 1 branch of the dungeon, and saw 4 of its levels.

You collected 126 gold pieces.

Inventory:

Missiles
 e - 5 stones (quivered)
 k - a poisoned dart
 m - 2 silver boomerangs
Armour
 b - a +0 pair of gloves (worn)
Magical Staves
 f - a staff of earth
Jewellery
 h - a +4 ring of protection (left hand)
 j - a ring of willpower (right hand)
Scrolls
 c - 3 scrolls of identify {unknown}
 g - a scroll of acquirement {unknown}
 i - a scroll of enchant armour {unknown}
Potions
 a - 3 potions of lignification
 d - a potion of brilliance {unknown}
 l - a potion of degeneration {unknown}
 n - a potion of flight {unknown}
 o - a potion of heal wounds {unknown}


   Skills:
 - Level 1.1 Fighting
 - Level 1.7 Dodging
 - Level 6.0 Unarmed Combat
 - Level 2.0 Spellcasting
 + Level 3.2 Transmutations


You had 5 spell levels left.
You knew the following spells:

 Your Spells              Type           Power      Damage    Failure   Level
a - Beastly Appendage     Tmut           22%        N/A       5%          1
b - Wereblood             Tmut           11%        N/A       9%          2

Your spell library contained the following spells:

 Spells                   Type           Power      Damage    Failure   Level
 Blink                    Tloc           2%         N/A       30%         2
 Spider Form              Tmut/Pois      6%         N/A       32%         3
 Dazzling Flash           Conj/Hex       2%         N/A       52%         3
 Ice Form                 Ice/Tmut       6%         N/A       71%         4
 Iskenderun's Mystic Bla  Conj/Tloc      1%         2d3       90%         4
 Manifold Assault         Tloc           1%         N/A       99%         5
 Starburst                Conj/Fire      0%         6d3       100%        6
 Storm Form               Tmut/Air       3%         N/A       100%        7


Dungeon Overview and Level Annotations

Branches:
Dungeon (3/15)

Altars:


Innate Abilities, Weirdness & Mutations

You have temporarily grown beastly horns and talons.
Your plain brown scales are hard. (AC +5)
You cannot fit into any form of body armour.
You are cold-blooded and may be slowed by cold attacks.


Message History

The ogre looks more healthy.
Casting: Beastly Appendage (safe; 9% risk of failure)
Confirm with . or Enter, or press ? or * to list all spells.
You miscast Beastly Appendage.
You are very lightly contaminated with residual magic.
Nothing appears to happen.
You hit the ogre but do no damage.
The ogre is heavily wounded.
The ogre barely misses you. The gnoll sergeant barely misses you.
You hit the ogre. You tail-slap the ogre.
The ogre is severely wounded.
You barely miss the ogre.
The ogre is severely wounded.
The gnoll sergeant hits you from afar with a +0 spear.
* * * LOW HITPOINT WARNING * * *
The ogre hits you with a +0 giant club!
* * * LOW HITPOINT WARNING * * *
You closely miss the ogre. You punch the ogre.
The ogre is almost dead.
The gnoll sergeant hits you but does no damage.
The ogre hits you with a +0 giant club.
* * * LOW HITPOINT WARNING * * *
You hit the ogre but do no damage. You tail-slap the ogre.
The ogre is almost dead.
The gnoll sergeant barely misses you.
You punch the ogre!
You kill the ogre!
The gnoll sergeant hits you but does no damage.
Training target 6.0 for Unarmed Combat reached!
Your Unarmed Combat skill increases to level 6!
You need to enable at least one skill for training.
Your Transmutations skill increases to level 3!
Casting: Beastly Appendage (safe; 5% risk of failure)
Confirm with . or Enter, or press ? or * to list all spells.
You grow a pair of large bovine horns.
Your feet morph into talons.
The gnoll sergeant hits you from afar with a +0 spear.
* * * LOW HITPOINT WARNING * * *
Your magical contamination has completely faded away.
The gnoll sergeant hits you with a +0 spear!
You die...

▒....▒▒.▒ ▒..
▒.▒▒.▒▒.▒ ▒.▒▒
▒.......▒
...▒▒▒▒..
▒.......▒
g.gO....▒
▒▒.▒.▒▒.▒ ▒.▒▒▒
▒...▒ .▒ ▒...▒
▒..▒▒▒.▒ ▒▒▒.▒
▒......▒ ▒▒▒▒▒
▒g▒
▒▒.▒▒▒▒▒▒▒▒...▒
▒.▒
▒....dgg.....▒
▒.▒
▒▒▒▒▒▒▒▒▒▒(..▒
▒.▒ ▒▒.▒▒ ▒.▒
▒.▒▒▒▒▒▒▒.▒
▒...g..g..▒
▒▒▒▒▒▒▒▒▒▒▒


You could see a gnoll sergeant and a gnoll.

Vanquished Creatures
  An ogre (D:6)
  A phantom (D:6)
  3 adders
  A dart slug (D:1)
  An orc (D:3)
  A ball python (D:1)
  3 bats
  4 endoplasms
  4 goblins
  6 hobgoblins (D:1)
  4 jackals (D:3)
  5 kobolds
  A quokka (D:1)
  4 frilled lizards
  7 rats
46 creatures vanquished.

Vanquished Creatures (others)
  3 demonic plants (D:6)
  A plant (D:1)
4 creatures vanquished.

Grand Total: 50 creatures vanquished

Notes
Turn   | Place    | Note
-------+----------+-------------------------------------------
     0 | D:1      | shmup the Draconian Transmuter began the quest for the Orb.
     0 | D:1      | Reached XP level 1. HP: 16/16 MP: 3/3
   170 | D:1      | Reached XP level 2. HP: 17/23 MP: 3/5
   490 | D:1      | Reached skill level 4 in Unarmed Combat
   803 | D:2      | Reached XP level 3. HP: 28/28 MP: 6/6
   806 | D:2      | Learned a level 2 spell: Wereblood
  1957 | D:3      | Found a faded altar of an unknown god.
  1961 | D:3      | You fall into a shaft and drop 3 floors!
  1985 | D:6      | Reached skill level 5 in Unarmed Combat
  1985 | D:6      | Reached XP level 4. HP: 35/35 MP: 5/7
  2006 | D:6      | Noticed a phantom
  2015 | D:6      | Killed a phantom
  2016 | D:6      | Reached XP level 5. HP: 23/40 MP: 6/8
  2164 | D:6      | Noticed an ogre
  2203 | D:6      | Killed an ogre
  2204 | D:6      | Reached skill level 6 in Unarmed Combat
  2205 | D:6      | Mangled by a gnoll sergeant

Illustrated notes

Levels and vault maps discovered:
D:1:      denvon_arrival_planthouse, layout_rooms
D:2:      layout_basic
D:3:      layout_basic, mainiacjoe_overflow_catwalk,
          shapermc_ecumenical_altar_mp_highgroup
D:6:      layout_loops_cross, serial_demonic, serial_demonic_g,
          serial_demonic_c, serial_demonic_c, serial_demonic_e

Skill      XL: |  1  2  3  4  5 |
---------------+----------------+-----
Unarmed Combat | 4 5 6 |  6.0
Transmutations | 3 |  3.2
Fighting       | |  1.1
Dodging        | |  1.7
Spellcasting   | |  2.0

Action                   |  1- 3 |  4- 6 || total
-------------------------+-------+-------++-------
Melee: Unarmed           |   104 |    16 ||   120
       Kick              |    12 |     2 ||    14
       Tailslap          |    11 |     3 ||    14
       Headbutt          |     6 |     4 ||    10
       Punch             |       |     1 ||     1
Throw: Boomerang         |       |     1 ||     1
       Dart              |       |     2 ||     2
 Cast: Beastly Appendage |    11 |     3 ||    14
 Stab: Sleeping          |     1 |       ||     1
Armor: Skin              |    34 |     4 ||    38
Dodge: Dodged            |    70 |     8 ||    78
